 Dungeon Crawl Stone Soup version 0.26-a0-490-gf8362a0 (webtiles) character file.

Game seed: 17716512722614648126

51947 Dorkslayer the Grappler (level 14, -1/133 HPs)
             Began as a Troll Fighter on July 27, 2020.
             Was the Champion of Okawaru.
             Slain by a harpy (6 damage)
             ... summoned by Kirke
             ... on level 15 of the Dungeon on Aug 4, 2020.
             The game lasted 01:25:20 (14976 turns).

Dorkslayer the Grappler (Troll Fighter)            Turns: 14976, Time: 01:25:21

Health: -1/133     AC:  0    Str: 28    XL:     14   Next: 25%
Magic:  19/19      EV: 18    Int:  4    God:    Okawaru [******]
Gold:   504        SH:  0    Dex: 12    Spells: 13/13 levels left

rFire    . . .     SeeInvis .     - Unarmed
rCold    . . .     Faith    .   (shield currently unavailable)
rNeg     . . .     Spirit   .   (armour currently unavailable)
rPois    .         Reflect  .   (helmet currently unavailable)
rElec    .         Harm     .   (cloak currently unavailable)
rCorr    .                      (gloves unavailable)
MR       +....                  (boots unavailable)
Stlth    ++........             y - amulet of magic regeneration
HPRegen  0.72/turn              (ring currently unavailable)
MPRegen  0.41/turn              (ring currently unavailable)

@: about to teleport, pig-form, barbed spikes, very slightly contaminated, very
quick
A: small, unfitting armour, regeneration 1
a: Heroism, Finesse, Renounce Religion


You were on level 15 of the Dungeon.
You worshipped Okawaru.
Okawaru was exalted by your worship.
You were a filthy swine.
You visited 2 branches of the dungeon, and saw 17 of its levels.

You collected 1968 gold pieces.
You spent 1464 gold pieces at shops.

Inventory:

Hand Weapons
 l - a +6 scimitar of flaming
Missiles
 c - 8 silver boomerangs
 d - 29 boomerangs (quivered)
 r - 2 throwing nets
Armour
 a - a scarf of resistance
 b - a +1 kite shield (melded)
 e - a +0 hat (melded)
 x - a scarf of invisibility (melded)
 C - the +2 troll leather armour "Lisanoma" (melded) {Regen+ Str+5}
   (You bought it in a shop on level 2 of the Orcish Mines)

   It affects your strength (+5).
   It increases your rate of regeneration.
Jewellery
 g - an uncursed ring of flight
 w - a +6 ring of strength (melded)
 y - an amulet of magic regeneration (around neck)
 z - an uncursed ring of positive energy
 B - an uncursed ring of poison resistance
 E - the ring "Huux" {+Fly Slay+3}
   (You took it off a deep elf mage on level 13 of the Dungeon)

   [ring of flight]

   It affects your accuracy and damage with ranged weapons and melee attacks
   (+3).
   It lets you fly.
 M - the ring of Duypeil (melded) {Str-2 Int+6 Slay+4 SInv Stlth+}
   (You found it on level 11 of the Dungeon)

   [ring of intelligence]

   It affects your strength (-2).
   It affects your intelligence (+6).
   It affects your accuracy and damage with ranged weapons and melee attacks
   (+4).
   It lets you see invisible.
   It makes you more stealthy.
Wands
 j - a wand of polymorph (13)
 q - a wand of random effects (2)
 u - a wand of iceblast (11)
 G - a wand of disintegration (27)
 H - a wand of digging (12)
 L - a wand of clouds (3)
Scrolls
 i - a scroll of amnesia
 k - 2 scrolls of magic mapping
 m - a scroll of noise {unknown}
 n - 3 scrolls of fear
 s - 13 scrolls of remove curse
 A - a scroll of enchant armour
 I - a scroll of torment {unknown}
 N - 2 scrolls of teleportation
 O - a scroll of immolation {unknown}
 P - a scroll of identify
Potions
 h - a potion of stabbing
 o - 2 potions of cancellation
 p - 3 potions of resistance
 v - 3 potions of brilliance
 D - 2 potions of mutation
 F - 2 potions of ambrosia
 J - 3 potions of flight
Miscellaneous
 t - a tin of tremorstones (3/3)
 K - 2 boxes of beasts


   Skills:
 * Level 7.5 Fighting
 + Level 1.3 Long Blades
 + Level 5.3 Throwing
 * Level 6.0 Armour
 + Level 6.8 Dodging
 + Level 2.4 Stealth
 + Level 8.4 Shields
 + Level 12.4 Unarmed Combat
 * Level 8.5 Invocations
 * Level 7.1 Evocations


You had 13 spell levels left.
You didn't know any spells.
Your spell library contained the following spells:

 Spells                   Type           Power        Failure   Level
 Leda's Liquefaction      Hex/Erth       #.........   99%         4
 Bolt of Magma            Conj/Fire/Erth #.........   100%        5
 Iron Shot                Conj/Erth      #.........   100%        6
 Statue Form              Tmut/Erth      #........    100%        6
 Shatter                  Erth           #.........   100%        9


Dungeon Overview and Level Annotations

Branches:
Dungeon (15/15)            Temple (0/1) D:7            Lair (0/6) D:8
    Orc (2/2) D:9             Elf (0/3) Orc:2        Vaults (0/5) D:13
 Depths: D:15

Altars:
Cheibriados
Elyvilon
Fedhas
Gozag
Kikubaaqudgha
Makhleb
Okawaru
Sif Muna
Uskayaw
Wu Jian
Xom
Yredelemnul
The Shining One
Jiyva

Shops:
D:6 *   Orc:1 }   Orc:2 [}*[!

Annotations:
D:15 Kirke


Innate Abilities, Weirdness & Mutations

You are too large for most types of armour.
((You have claws for hands.))
Your natural rate of healing is unusually fast.
((You are covered in fur. (AC +1)))
((You have extremely tough skin. (AC +3)))


Message History

* * * LOW HITPOINT WARNING * * *
The harpy claws you!
* * * LOW HITPOINT WARNING * * *
Okay, then.
The harpy barely misses you. The harpy claws you!
* * * LOW HITPOINT WARNING * * *
The harpy misses you. The harpy claws you.
* * * LOW HITPOINT WARNING * * *
Okay, then.
As you read the scroll of teleportation, it crumbles to dust.
You feel strangely unstable. The harpy completely misses you.
The harpy claws you.
* * * LOW HITPOINT WARNING * * *
Kirke closely misses you.
You hit Kirke.
Kirke is severely wounded.
The harpy claws you!
* * * LOW HITPOINT WARNING * * *
The harpy claws you.
You die...

### ..# #.#
#.# #.#
#.#####.####.#
#.....hHh....#
#######@######
#.....Hh#
#.#######
###...<..#
#......#.#
#.#.##.#.#
#.#......#
#.####.###
#.####.#
#......#


You could see Kirke, a manticore (summoned), a harpy (summoned) and 2 hogs.

Vanquished Creatures
  A sphinx (D:13)
  An orc warlord (D:13)
  Snorg (Orc:2)
  Fannar (D:10)
  2 hydras (D:13)
  A rakshasa (D:14)
  The ghost of porkupine the Fighter, a journeyman NaWn of Hepliaklqana (Orc:1)
  A catoblepas (D:13)
  An ogre mage (D:13)
  3 two-headed ogres
  2 centaur warriors
  Erica (D:11)
  A dancing weapon (Orc:1)
  3 orc high priests (Orc:2)
  A deep elf knight (D:13)
  3 skeletal warriors (D:14)
  2 unseen horrors (D:13)
  4 orc knights (Orc:2)
  4 deep elf magi (D:13)
  A necromancer (D:13)
  2 wolf spiders (D:13)
  4 orc sorcerers (Orc:2)
  3 manticores
  An oklob plant (D:8)
  A wolf spider zombie (D:13)
  5 cyclopes
  3 ugly things
  3 centaur zombies
  4 gargoyles
  A kobold demonologist (D:13)
  3 komodo dragons
  A redback zombie (D:12)
  A freezing wraith (D:14)
  7 trolls
  8 slime creatures
  The ghost of dforspid the Magician, an amateur DsWn of Kikubaaqudgha (D:5)
  A harpy skeleton (D:13)
  3 hippogriffs
  A meliai zombie (D:11)
  A wyvern (D:13)
  A redback (D:13)
  3 vampires (D:13)
  9 yaks
  A hog (D:15)
  A basilisk (D:14)
  2 wraiths
  3 steam dragons
  4 vampire mosquitoes
  A soldier ant (D:11)
  2 acid dragons (D:14)
  3 wargs
  A water moccasin (D:7)
  2 porcupines (D:8)
  A water moccasin (shapeshifter) (D:13)
  17 orc warriors
  3 sky beasts
  2 ice beasts
  4 black bears
  10 ogres
  A black bear (shapeshifter) (D:14)
  A necrophage (D:10)
  A hornet zombie (D:13)
  4 centaurs
  6 phantoms
  3 crocodiles
  5 big kobolds
  8 bullfrogs
  6 scorpions
  A water moccasin skeleton (D:5)
  13 killer bees
  11 wights
  2 howler monkeys
  An electric eel (D:7)
  2 bullfrog zombies (D:9)
  A bullfrog skeleton (D:11)
  5 centaur skeletons
  6 jellies
  19 orc priests
  7 hounds
  3 iguanas
  Ijyb (D:3)
  40 orc wizards
  10 worker ants
  Natasha (thrice) (D:2)
  3 hound skeletons
  A howler monkey zombie (D:11)
  A worker ant zombie (D:10)
  9 adders
  3 white imps
  An ufetubus (D:8)
  2 oozes
  An adder skeleton (D:5)
  4 worms
  4 dart slugs
  4 leopard geckos
  88 orcs
  3 ball pythons
  8 bats
  7 giant cockroaches
  10 goblins
  9 hobgoblins
  2 jackals (D:5)
  29 kobolds
  3 quokkas
  2 frilled lizards
  2 leopard gecko skeletons
  A quokka zombie (D:7)
  9 rats
  2 fungi
  5 plants (D:8)
532 creatures vanquished.

Vanquished Creatures (others)
  16 fungi (D:8)
  16 plants (D:8)
32 creatures vanquished.

Grand Total: 564 creatures vanquished

Notes
Turn   | Place    | Note
-------+----------+-------------------------------------------
     0 | D:1      | Dorkslayer the Troll Fighter began the quest for the Orb.
     0 | D:1      | Reached XP level 1. HP: 22/22 MP: 0/0
   279 | D:1      | Reached XP level 2. HP: 28/29 MP: 1/1
   773 | D:2      | Reached XP level 3. HP: 32/36 MP: 2/2
   811 | D:2      | Noticed Natasha
   828 | D:2      | Killed Natasha
   902 | D:2      | Reached skill level 1 in Throwing
   904 | D:2      | Reached XP level 4. HP: 41/44 MP: 3/3
  1468 | D:2      | Noticed Natasha
  1475 | D:2      | Killed Natasha
  1475 | D:2      | Reached skill level 3 in Unarmed Combat
  1624 | D:2      | Noticed Natasha
  1636 | D:2      | Killed Natasha
  1636 | D:2      | Reached XP level 5. HP: 45/52 MP: 4/4
  1703 | D:3      | HP: 2/52 [orc wizard/+0 dagger of pain (5)]
  1886 | D:3      | Noticed Ijyb
  1892 | D:3      | Killed Ijyb
  1895 | D:3      | Reached XP level 6. HP: 59/59 MP: 5/5
  2221 | D:3      | Found an opulent altar of Gozag.
  2221 | D:3      | Found a faded altar of an unknown god.
  2227 | D:3      | Found a snail-covered altar of Cheibriados.
  2229 | D:3      | Found a faded altar of an unknown god.
  2230 | D:3      | Found a shimmering blue altar of Sif Muna.
  2271 | D:3      | Found an ancient bone altar of Kikubaaqudgha.
  2271 | D:3      | Found a blossoming altar of Fedhas.
  2713 | D:4      | Found a hide-covered altar of Uskayaw.
  3015 | D:4      | Upgraded the game from 0.26-a0-451-gacbe401 to
                  | 0.26-a0-478-g6c97825
  3181 | D:5      | Entered Level 5 of the Dungeon
  3259 | D:5      | Reached skill level 4 in Unarmed Combat
  3259 | D:5      | Reached XP level 7. HP: 67/67 MP: 6/6
  3342 | D:5      | Found an iron altar of Okawaru.
  3357 | D:5      | Became a worshipper of Warmaster Okawaru
  3525 | D:5      | Reached skill level 1 in Evocations
  3731 | D:5      | Found a glowing golden altar of the Shining One.
  3731 | D:5      | Found a shimmering altar of Xom.
  3967 | D:5      | Found a burning altar of Makhleb.
  4047 | D:5      | Found a runed translucent gate.
  4047 | D:5      | Found a runed translucent gate.
  4050 | D:5      | Found a runed translucent gate.
  4051 | D:5      | Noticed dforspid's ghost (amateur DsWn)
  4068 | D:5      | Paralysed by a kobold for 6 turns
  4075 | D:5      | Paralysed by a kobold for 3 turns
  4203 | D:5      | Killed dforspid's ghost
  4203 | D:5      | Reached * piety under Okawaru
  4203 | D:5      | Reached skill level 5 in Unarmed Combat
  4203 | D:5      | Reached XP level 8. HP: 75/75 MP: 7/7
  4547 | D:6      | Upgraded the game from 0.26-a0-478-g6c97825 to
                  | 0.26-a0-479-g81d34b6
  4795 | D:6      | Reached skill level 1 in Invocations
  4929 | D:6      | Reached skill level 5 in Shields
  5275 | D:6      | Found Zomitw Mamy's Mayhem Merchandise.
  5280 | D:6      | Bought a wand of iceblast (10) for 210 gold pieces
  5659 | D:7      | Noticed a hippogriff
  5660 | D:7      | Found a shimmering altar of Xom.
  5665 | D:7      | Killed a hippogriff
  5665 | D:7      | Reached skill level 1 in Stealth
  5665 | D:7      | Reached skill level 6 in Unarmed Combat
  5705 | D:7      | Upgraded the game from 0.26-a0-479-g81d34b6 to
                  | 0.26-a0-480-gf0b7f46
  5820 | D:7      | Reached XP level 9. HP: 80/83 MP: 9/9
  5831 | D:7      | Reached ** piety under Okawaru
  6214 | D:7      | Found a staircase to the Ecumenical Temple.
  6245 | D:7      | Found an ornate altar of the Wu Jian Council.
  6839 | D:8      | Reached skill level 7 in Unarmed Combat
  6930 | D:8      | Reached *** piety under Okawaru
  6933 | D:8      | Found a staircase to the Lair.
  6939 | D:8      | Reached skill level 5 in Dodging
  6998 | D:8      | Reached skill level 8 in Unarmed Combat
  7002 | D:8      | Reached XP level 10. HP: 56/91 MP: 11/11
  7110 | D:8      | Found a basalt altar of Yredelemnul.
  7110 | D:8      | Noticed an oklob plant
  7567 | D:8      | Killed an oklob plant
  7673 | D:8      | Noticed a two-headed ogre
  7682 | D:8      | Killed a two-headed ogre
  7682 | D:8      | Reached **** piety under Okawaru
  7682 | D:8      | Reached skill level 1 in Armour
  7874 | D:8      | Identified the cursed +1 leather armour "Litain" {-Tele rN+
                  | Stlth+}
  7988 | D:9      | Found a staircase to the Orcish Mines.
  8170 | D:9      | Found a white marble altar of Elyvilon.
  8927 | D:9      | You fall into a shaft and drop 3 floors!
  8967 | D:12     | Reached ***** piety under Okawaru
  8981 | D:11     | Noticed a white ugly thing
  8984 | D:11     | Received a gift from Okawaru
  8984 | D:11     | Noticed Erica
  9013 | D:10     | Entered Level 10 of the Dungeon
  9103 | D:10     | Reached skill level 9 in Unarmed Combat
  9263 | D:10     | Noticed a cyclops
  9284 | D:10     | Killed a cyclops
  9284 | D:10     | Reached skill level 5 in Invocations
  9284 | D:10     | Reached XP level 11. HP: 63/101 MP: 13/13
  9679 | D:10     | Noticed Fannar
  9690 | D:10     | Killed Fannar
  9690 | D:10     | Received a gift from Okawaru
 10119 | Orc:1    | Entered Level 1 of the Orcish Mines
 10197 | Orc:1    | Received a gift from Okawaru
 10390 | Orc:1    | Found a runed translucent door.
 10391 | Orc:1    | Found a shimmering altar of Xom.
 10391 | Orc:1    | Noticed porkupine's ghost (journeyman NaWn)
 10391 | Orc:1    | Noticed a +2 morningstar of chaos
 10402 | Orc:1    | Killed a +2 morningstar of chaos
 10402 | Orc:1    | Reached skill level 5 in Evocations
 10410 | Orc:1    | Killed porkupine's ghost
 10410 | Orc:1    | Reached skill level 5 in Fighting
 10447 | Orc:2    | Entered Level 2 of the Orcish Mines
 10450 | Orc:2    | Found Viutt's General Store.
 10459 | Orc:2    | Noticed Snorg
 10481 | Orc:2    | Killed Snorg
 10607 | Orc:2    | Bought a potion of curing for 51 gold pieces
 10664 | Orc:2    | Found a staircase to the Elven Halls.
 10814 | Orc:2    | Found a burning altar of Makhleb.
 10980 | Orc:2    | Noticed an orc sorcerer
 10992 | Orc:2    | Killed an orc sorcerer
 10992 | Orc:2    | Reached skill level 10 in Unarmed Combat
 10994 | Orc:2    | Found Kiskorem's Antique Armour Emporium.
 10996 | Orc:2    | Noticed an orc sorcerer
 10996 | Orc:2    | Noticed an orc high priest
 10998 | Orc:2    | Noticed an orc knight
 11002 | Orc:2    | Noticed a sixfirhy
 11007 | Orc:2    | Killed an orc high priest
 11007 | Orc:2    | Received a gift from Okawaru
 11010 | Orc:2    | Killed an orc sorcerer
 11016 | Orc:2    | Noticed an orc high priest
 11018 | Orc:2    | Noticed an orc high priest
 11019 | Orc:2    | Killed an orc knight
 11020 | Orc:2    | Noticed an orc knight
 11021 | Orc:2    | Noticed an orc knight
 11022 | Orc:2    | Reached XP level 12. HP: 81/111 MP: 10/15
 11030 | Orc:2    | Killed an orc high priest
 11053 | Orc:2    | Killed an orc high priest
 11065 | Orc:2    | Received a gift from Okawaru
 11104 | Orc:2    | Found Foxkasm's Gadget Boutique.
 11107 | Orc:2    | Bought a smoking troll leather armour for 600 gold pieces
 11117 | Orc:2    | Identified the +2 troll leather armour "Lisanoma" {Regen+
                  | Str+5} (You bought it in a shop on level 2 of the Orcish
                  | Mines)
 11172 | Orc:2    | Found Wypif's Armour Boutique.
 11174 | Orc:2    | Found Leuxues's Distillery.
 11182 | Orc:2    | Upgraded the game from 0.26-a0-480-gf0b7f46 to
                  | 0.26-a0-490-gf8362a0
 11206 | Orc:2    | Bought a potion of ambrosia for 88 gold pieces
 11206 | Orc:2    | Bought a potion of degeneration for 11 gold pieces
 11206 | Orc:2    | Bought a potion of invisibility for 88 gold pieces
 11206 | Orc:2    | Bought a potion of curing for 33 gold pieces
 11206 | Orc:2    | Bought a potion of flight for 33 gold pieces
 11206 | Orc:2    | Bought a potion of haste for 110 gold pieces
 11296 | Orc:1    | Found Onaf's Gadget Shoppe.
 11565 | Orc:1    | Bought a box of beasts for 240 gold pieces
 12019 | D:11     | Killed Erica
 12245 | D:11     | Got a clouded golden ring
 12247 | D:11     | Identified the ring of Duypeil {Str-2 Int+6 Slay+4 SInv
                  | Stlth+} (You found it on level 11 of the Dungeon)
 12253 | D:11     | You fall into a shaft and drop 3 floors!
 12253 | D:14     | Found a viscous altar of Jiyva.
 12305 | D:14     | Reached skill level 11 in Unarmed Combat
 12419 | D:14     | Reached skill level 5 in Armour
 12419 | D:14     | Reached XP level 13. HP: 96/122 MP: 17/17
 12557 | D:14     | Reached ****** piety under Okawaru
 12725 | D:13     | Received a gift from Okawaru
 12814 | D:13     | Noticed an orc warlord
 12846 | D:13     | Killed an orc warlord
 13602 | D:13     | Received a gift from Okawaru
 13671 | D:13     | Identified the ring "Huux" {+Fly Slay+3}
 13821 | D:13     | Reached skill level 5 in Throwing
 13821 | D:13     | Reached skill level 12 in Unarmed Combat
 13939 | D:13     | Noticed a sphinx
 13949 | D:13     | Reached XP level 14. HP: 86/133 MP: 19/19
 13954 | D:13     | Killed a sphinx
 13954 | D:13     | Reached skill level 1 in Long Blades
 13982 | D:13     | HP: 5/133 [cyclops (16)]
 14373 | D:13     | Found a gate to the Vaults.
 14380 | D:13     | Received a gift from Okawaru
 14927 | D:15     | Entered Level 15 of the Dungeon
 14951 | D:15     | Noticed Kirke
 14976 | D:15     | HP: 5/133 [harpy[Kirke] (8)]
 14976 | D:15     | Slain by a harpy

Illustrated notes

Levels and vault maps discovered:
D:1:      tarquinn_simple_flora_water_b, layout_loops_ring, minmay_fountain_box,
          minmay_cupped
D:2:      layout_loops_ring, minmay_pentomino_r2, uniq_natasha
D:3:      layout_loops_ring, grunt_temple_overflow_growth_and_decay,
          chequers_temple_overflow_minitemple, minmay_misc_feat_square,
          uniq_ijyb
D:4:      layout_basic, kennysheep_crisscross, minmay_misc_feat_tower,
          lemuel_altar_in_water
D:5:      layout_layer_cave, gammafunk_temple_overflow_pools, basic_altar,
          gammafunk_ghost_nasty_kobolds, kennysheep_okawaru_gauntlet
D:6:      layout_basic, minmay_shop_mayhem, lightli_corner_chamber
D:7:      minmay_flawed_box, layout_basic, nicolae_overflow_hidden_temple,
          minmay_temple_entry_statues_fountains, basic_altar,
          kennysheep_cross_room
D:8:      layout_loops_ring, due_lair_maze_entry_diamond, serial_bayou_lagoon_a,
          lemuel_oklob_altar
D:9:      cheibrodos_steamvent, layout_long_grid, lemuel_crystal_altar,
          erik_orc_4, bh_walls_and_bars
D:10:     layout_long_grid, uniq_fannar
D:11:     layout_cave_pools, uniq_erica
D:12:     layout_roguey
D:13:     minmay_the_grid_4x2 [minmay_the_grid_medium_cups,
          minmay_the_grid_minigrid_medium, minmay_the_grid_spikes,
          minmay_the_grid_tri_star, minmay_the_grid_holed_spiral,
          minmay_the_grid_outer_diamond, minmay_the_grid_armoury,
          minmay_the_grid_prize_four_corners], layout_cave_pools, david_vaults_1
D:14:     layout_roguey, corexii_corridor_pit, jiyva_altar_1
D:15:     grunt_enter_depths_hoard, layout_basic, elyvilon_altar_4,
          serial_corexii_hall, corexii_hall_statues_deadend,
          corexii_hall_statues_l, uniq_kirke
Orc:1:    layout_caves, serial_shops, nicolae_shop_stone, ebering_ghost_xom
Orc:2:    st_orc_elflike, layout_caves, serial_shops, shop, bloody_makhleb,
          uniq_snorg

Skill      XL: |  1  2  3  4  5  6  7  8  9 10 11 12 13 14 |
---------------+-------------------------------------------+-----
Throwing       | 1 2 3 4 5 |  5.3
Dodging        | 3 4 5 6 |  6.8
Shields        | 3 4 5 6 7 8 |  8.4
Unarmed Combat | 3 4 5 6 8 9 10 11 12 | 12.4
Fighting       | 3 4 5 6 7 |  7.5
Evocations     | 1 2 3 4 5 6 7 |  7.1
Invocations    | 2 3 5 6 7 8 |  8.5
Stealth        | 1 2 |  2.4
Armour         | 2 3 5 6 |  6.0
Long Blades    | 1 |  1.3

Action                   |  1- 3 |  4- 6 |  7- 9 | 10-12 | 13-15 || total
-------------------------+-------+-------+-------+-------+-------++-------
Melee: Unarmed           |    77 |   290 |   345 |   611 |   340 ||  1663
       Scimitar          |       |       |       |       |    24 ||    24
Throw: Boomerang         |     2 |       |    14 |    48 |    33 ||    97
Invok: Heroism           |       |       |     1 |    10 |       ||    11
       Finesse           |       |       |       |     3 |       ||     3
Evoke: Wand              |       |       |     5 |    47 |     3 ||    55
  Use: Scroll            |     2 |     3 |     9 |    15 |     4 ||    33
       Potion            |       |       |     6 |    13 |     3 ||    22
 Stab: Sleeping          |       |       |     2 |    20 |     6 ||    28
       Invisible         |       |       |       |     2 |       ||     2
Armor: Robe              |    29 |    73 |    94 |     3 |       ||   199
       Troll leather arm |       |       |       |   107 |    61 ||   168
       Steam dragon scal |       |       |       |     3 |       ||     3
Dodge: Dodged            |    29 |    93 |   106 |   195 |   140 ||   563
Block: Kite shield       |    36 |   140 |   188 |   353 |   220 ||   937
       Rpst.: Scimitar   |       |       |       |       |     7 ||     7

Table legend: (Time is in decaauts)
 A = Elapsed time spent in this place.
 B = Non-inter-level travel time spent in this place.
 C = Inter-level travel time spent in this place.
 D = Time resting spent in this place.
 E = Time spent auto-exploring this place.
 F = Levels seen in this place.
 G = Mean time per level.
                   A        B        C        D        E       F      G
               +--------+--------+--------+--------+--------+-----+--------+
         Total |  14794 |  14794 |      0 |   1256 |    735 |  17 |  870.2 |
       Dungeon |  13362 |  13362 |      0 |   1104 |    735 |  15 |  890.8 |
  Orcish Mines |   1431 |   1431 |      0 |    152 |      0 |   2 |  715.5 |
               +--------+--------+--------+--------+--------+-----+--------+

Top non-repeatable levels by time:
     D:5: 1467 daAuts
     D:6: 1297 daAuts
     D:8: 1178 daAuts
    D:13: 1167 daAuts
     D:9: 1147 daAuts
     D:7: 1078 daAuts
     D:2: 930 daAuts
    D:10: 925 daAuts
   Orc:2: 829 daAuts
     D:3: 807 daAuts
    D:14: 777 daAuts
     D:1: 730 daAuts
     D:4: 714 daAuts
   Orc:1: 602 daAuts
    D:11: 583 daAuts
